[Event "Betsys MČR v online bleskovém šachu 2021"]
[Site "Chess.com"]
[Date "2021.04.17"]
[Round "11"]
[White "terezkai"]
[Black "dzerenyss"]
[Result "0-1"]
[WhiteElo "811"]
[BlackElo "1026"]
[TimeControl "180+1"]
[EndTime "10:48:05 PDT"]
[Termination "Uživatel dzerenyss zvítězil na čas"]

1. e4 c5 2. Bc4 d6 3. d4 Nf6 4. dxc5 dxc5 5. Nd2 b6 6. Ngf3 Bb7 7. Qe2 e6 8. b3 Be7 9. Bb2 O-O 10. O-O-O Nc6 11. Ne5 Nxe5 12. Bxe5 Qc8 13. Bxf6 Bxf6 14. Nf3 Rd8 15.
h4 Qc6 16. Rxd8+ Rxd8 17. Rd1 Rxd1+ 18. Qxd1 Qxe4 19. Qd8+ Bxd8 20. Ng5 Qf4+ 0-1

[Event "Betsys MČR v online bleskovém šachu 2021"]
[Site "Chess.com"]
[Date "2021.04.17"]
[Round "11"]
[White "doktorovak"]
[Black "hever99"]
[Result "1-0"]
[WhiteElo "1685"]
[BlackElo "1939"]
[TimeControl "180+1"]
[EndTime "10:48:07 PDT"]
[Termination "Uživatel doktorovak zvítězil po vzdání soupeře"]

1. e4 c5 2. Nf3 d6 3. Bc4 Nc6 4. O-O e6 5. a3 a6 6. c3 b5 7.
Ba2 Nf6 8. d3 d5 9. exd5 exd5 10. Bg5 Be7 11. Re1 O-O 12. Nbd2 Bf5 13. d4 c4 14. Bb1 Bxb1 15. Rxb1 h6 16. Bh4 Re8 17. Ne5 Nxe5 18. dxe5 Nd7 19. Bxe7 Rxe7 20. f4 Qb6+ 21. Kh1 Nc5 22. Rf1 Nd3 23. Qf3 Rd8 24. h3 a5 25. Kh2 b4 26. axb4 axb4 27. Qg3 d4 28. Nxc4 Qc5 29. Nd6 Nxe5 30. fxe5 Qxe5 31. Qxe5 Rxe5 32. Nxf7 Ree8 33. Nxd8 Rxd8 34. cxd4 Rxd4 35. b3 Rd3 36. Rf4 1-0

[Event "Betsys MČR v online bleskovém šachu 2021"]
[Site "Chess.com"]
[Date "2021.04.17"]
[Round "11"]
[White "NeumanPetr"]
[Black "Gicko13"]
[Result "1-0"]
[WhiteElo "2470"]
[BlackElo "2134"]
[TimeControl "180+1"]
[EndTime "10:48:13 PDT"]
[Termination "Uživatel NeumanPetr zvítězil matem"]

1. d4 d5 2. c4 e6 3. Nc3 Nf6 4. cxd5 exd5 5. Bg5 Be7 6. e3 O-O 7. Qc2 c6 8. Bd3 Nbd7 9. Nge2 Re8 10. O-O Nf8 11.
Rab1 a5 12. f3 b5 13. Rbd1 Ba6 14. e4 dxe4 15. fxe4 Ne6 16. Bxf6 Bxf6 17. e5 Bg5 18. Bxh7+ Kh8 19. Bf5 b4 20. Ne4 Nxd4 21. Nxd4 Be3+ 22.
Kh1 Bxd4 23. Nd6 Qe7 24. Rfe1 c5 25. Qb3 Rf8 26. Qh3+ Kg8 27. Qh7# 1-0

[Event "Betsys MČR v online bleskovém šachu 2021"]
[Site "Chess.com"]
[Date "2021.04.17"]
[Round "11"]
[White "EXTREME_STRATEGY007"]
[Black "trosecnik"]
[Result "0-1"]
[WhiteElo "1338"]
[BlackElo "1829"]
[TimeControl "180+1"]
[EndTime "10:48:17 PDT"]
[Termination "Uživatel trosecnik zvítězil na čas"]

1. e4 c5 2. Nf3 Nc6 3. d4 cxd4 4. Nxd4 Nf6 5. Nc3 e6 6. Bb5 Bb4 7. Be3 Nxe4 8. Bxc6 bxc6 9. O-O Nxc3 10. bxc3 Bxc3 11. Rb1 Ba6 12. Ne2 Qf6 13. Rb3 Be5 14. Re1 Bxe2 15. Qxe2 O-O 16. Bxa7 Rxa7 17. Qxe5 Qxe5 18. Rxe5 Rxa2 19.
h3 Rxc2 20. Rb7 d5 21. Re3 c5 22. Rc7 g6 23. Ra3 Rc1+ 24. Kh2 c4 25. Kg3 Rb1 26. Rd7 Rfb8 27. Kf4 R1b7 28. Rd6 Kf8 0-1

[Event "Betsys MČR v online bleskovém šachu 2021"]
[Site "Chess.com"]
[Date "2021.04.17"]
[Round "11"]
[White "ghostdog777"]
[Black "SayQueen"]
[Result "0-1"]
[WhiteElo "2069"]
[BlackElo "2024"]
[TimeControl "180+1"]
[EndTime "10:48:19 PDT"]
[Termination "Uživatel SayQueen zvítězil na čas"]

1. e4 e5 2. Nf3 Nc6 3. d4 exd4 4. Nxd4 Nf6 5. Nxc6 bxc6 6. e5 Qe7 7. Qe2 Nd5 8. c4 Ba6 9. b3 Qh4 10. a3 Nf4 11.
Qe4 Ng6 12. Qxh4 Nxh4 13. g3 Nf3+ 14. Ke2 Nxe5 15. Bb2 f6 16. f4 Nf7 17. Nd2 d5 18. Bg2 O-O-O 19. Rhd1 Bc5 20. b4 Rhe8+ 21. Kf1 Be3 22.
b5 cxb5 23. Bxd5 Nd6 24. Bc6 Re7 25. cxb5 Nxb5 26. Nc4 Nd6 27. Rxd6 Rxd6 28. Bf3 Bxc4+ 29. Kg2 Rd2+ 0-1

[Event "Betsys MČR v online bleskovém šachu 2021"]
[Site "Chess.com"]
[Date "2021.04.17"]
[Round "11"]
[White "Mikkes33"]
[Black "Mimochodem"]
[Result "0-1"]
[WhiteElo "1545"]
[BlackElo "1796"]
[TimeControl "180+1"]
[EndTime "10:48:19 PDT"]
[Termination "Uživatel Mimochodem zvítězil na čas"]

1. e4 e5 2. Nf3 Nc6 3. Bb5 d6 4. O-O Bg4 5. Re1 Nf6 6. h3 Bh5 7. d3 Be7 8. c3 O-O 9. Nbd2 a6 10. Ba4 b5 11. Bb3 Na5 12. Bc2 c5 13. a4 Nc6 14. axb5 axb5 15. Rxa8 Qxa8 16. Nf1 b4 17. Ng3 Bxf3 18. Qxf3 bxc3 19. bxc3 Qa2 20. Qd1 c4 21. d4 exd4 22. cxd4 c3 23. Bb3 Qa5 24. e5 dxe5 25.
dxe5 Nxe5 26. Qd4 Ng6 27. Ne4 c2 28. Nxf6+ Bxf6 29. Qe4 h6 30. Bxc2 Qc3 31. Be3 Qxe1+ 0-1

[Event "Betsys MČR v online bleskovém šachu 2021"]
[Site "Chess.com"]
[Date "2021.04.17"]
[Round "11"]
[White "VojtaT"]
[Black "Klokan64"]
[Result "0-1"]
[WhiteElo "1719"]
[BlackElo "1443"]
[TimeControl "180+1"]
[EndTime "10:48:19 PDT"]
[Termination "Uživatel Klokan64 zvítězil po vzdání soupeře"]

1. e4 d6 2. d4 Nf6 3. Nc3 c6 4. Nf3 Bg4 5. Be2 e6 6. O-O Be7 7. Be3 O-O 8. Qd2 Re8 9. Rad1 d5 10. e5 Nfd7 11. h3 Bh5 12. Nh2 Bxe2 13. Qxe2 c5 14. f4 Nc6 15. f5 cxd4 16. fxe6 fxe6 17. Bc1 dxc3 18. Qg4 Ncxe5 19. Qxe6+ Kh8 20. Qf5 Bc5+ 21. Kh1 Rf8 22. Qg5 Qxg5 23. Bxg5 Rxf1+ 24. Rxf1 cxb2 25. Rb1 Bd4 0-1

[Event "Betsys MČR v online bleskovém šachu 2021"]
[Site "Chess.com"]
[Date "2021.04.17"]
[Round "11"]
[White "ZdenekRomanek"]
[Black "krajic001"]
[Result "1-0"]
[WhiteElo "1563"]
[BlackElo "1175"]
[TimeControl "180+1"]
[EndTime "10:48:20 PDT"]
[Termination "Uživatel ZdenekRomanek zvítězil po vzdání soupeře"]

1. d4 Nf6 2. c4 e5 3. dxe5 Ng4 4. Bf4 Nc6 5. Nf3 Bb4+ 6. Nc3 Qe7 7. Qd5 Bc5 8. e3 Nb4 9. Qd2 Nc6 10.
Qd5 Nb4 11. Qd1 Nc6 12. Nd5 Bb4+ 13. Ke2 Qd8 14. Nxb4 Nxb4 15. Qb3 a5 16. h3 Nh6 17. g4 O-O 18. Rd1 Nc6 19. Bg2 d6 20. exd6 cxd6 21. Rxd6 1-0

[Event "Betsys MČR v online bleskovém šachu 2021"]
[Site "Chess.com"]
[Date "2021.04.17"]
[Round "11"]
[White "vozmenmarcel"]
[Black "Michaela1994"]
[Result "1-0"]
[WhiteElo "1874"]
[BlackElo "1646"]
[TimeControl "180+1"]
[EndTime "10:48:21 PDT"]
[Termination "Uživatel vozmenmarcel zvítězil po vzdání soupeře"]

1. e4 e6 2. g3 d5 3. e5 c5 4. Bg2 Nc6 5. f4 Be7 6. Nf3 f6 7. exf6 Nxf6 8. d4 O-O 9. O-O Qb6 10. c3 Ne4 11. Nbd2 cxd4 12. cxd4 Nxd4 13. Nxe4 Nxf3+ 14. Kh1 dxe4 15. Bxf3 exf3 16. Qxf3 Bd7 17. Be3 Bc6 18. Bxb6 Bxf3+ 19. Rxf3 axb6 20. Re3 Kf7 21. a3 Rfe8 22.
Rae1 Bc5 23. Rd3 Rad8 24. Red1 Rxd3 25. Rxd3 Re7 26. b4 Bf2 27. Kg2 Be1 28. Kf1 Bxb4 29.
axb4 Rc7 30. Kg2 Ke7 31. Kf3 Rc4 32. Rb3 Kd6 33. Ke3 e5 34. f5 g6 35. fxg6 hxg6 36. Kd3 Rd4+ 37. Ke3 Kd5 38. h4 Rg4 39. Kf3 Rd4 40. g4 Kc4 41. Re3 Kxb4 42. Rxe5 Kc4 43. Re4 b5 44. h5 gxh5 45. gxh5 b4 46. Rxd4+ Kxd4 47. h6 1-0

[Event "Betsys MČR v online bleskovém šachu 2021"]
[Site "Chess.com"]
[Date "2021.04.17"]
[Round "11"]
[White "misa2009"]
[Black "patrikvagner"]
[Result "0-1"]
[WhiteElo "1512"]
[BlackElo "1758"]
[TimeControl "180+1"]
[EndTime "10:48:22 PDT"]
[Termination "Uživatel patrikvagner zvítězil po vzdání soupeře"]

1. e4 c6 2. Nf3 d5 3. exd5 cxd5 4. d4 Bg4 5. Be2 e6 6. Nc3 Nf6 7. Bg5 Be7 8. O-O Nc6 9. h3 Bh5 10. Re1 O-O 11. a3 Qb6 12. b4 Bxf3 13. Bxf3 Nxd4 14.
Na4 Nxf3+ 15. Qxf3 Qb5 16. Nc3 Qc4 17. Qd3 Rac8 18. Na4 Qxc2 19. Qxc2 Rxc2 20. Rac1 Rfc8 21. Kh2 b5 22. Nc5 Rxc1 23. Rxc1 Bxc5 24. Rxc5 Rxc5 25. bxc5 Ne8 26. c6 Nd6 27. c7 Nc8 28. Bd8 Kf8 29. Kg3 Ke8 30. Kf3 Kd7 31. Ke3 Nd6 32. Kd4 Kc8 33.
Kc5 Nb7+ 34. Kxb5 Nxd8 35. cxd8=Q+ Kxd8 36. Kc6 Kc8 37. Kc5 Kc7 38. a4 a5 39. f3 f5 40.
g3 g5 41. h4 gxh4 42. gxh4 h6 43. f4 h5 44. Kb5 Kd6 45. Kxa5 d4 46. Kb6 d3 47. a5 d2 48. a6 d1=Q 49. a7 Qd4+ 50. Kb7 Qb4+ 51. Ka8 Qa5 52. Kb7 Qxa7+ 53. Kxa7 Kd5 54.
Kb6 Ke4 55. Kc6 Kxf4 56. Kd6 e5 57. Ke6 e4 58. Kf6 e3 59. Kg6 e2 60. Kxh5 e1=Q 61. Kg6 Qxh4 0-1

[Event "Betsys MČR v online bleskovém šachu 2021"]
[Site "Chess.com"]
[Date "2021.04.17"]
[Round "11"]
[White "JohnnyDuck64"]
[Black "VeceraP1973"]
[Result "0-1"]
[WhiteElo "2075"]
[BlackElo "1941"]
[TimeControl "180+1"]
[EndTime "10:48:23 PDT"]
[Termination "Uživatel VeceraP1973 zvítězil na čas"]

1. e4 c5 2. Nf3 Nc6 3. d4 cxd4 4. Nxd4 Nf6 5. Nc3 d6 6. Bg5 e6 7. Qd2 a6 8. O-O-O Bd7 9. f3 Be7 10. g4 Nxd4 11. Qxd4 Qc7 12. Kb1 Rc8 13. h4 b5 14.
a3 e5 15. Qd2 Be6 16. Bxf6 gxf6 17. Nd5 Qc5 18. Be2 h5 19. gxh5 Rxh5 20. f4 Rh8 21. f5 Bxd5 22. exd5 Bf8 23. h5 Bh6 24.
Qd3 Ke7 25. Qb3 Rhg8 26. Bd3 Rg3 27. Qb4 Qxb4 28. axb4 Rcg8 29. Rdf1 R8g4 30. Re1 Rxb4 31. Re2 Rbg4 32. Rd1 Rg1 0-1

[Event "Betsys MČR v online bleskovém šachu 2021"]
[Site "Chess.com"]
[Date "2021.04.17"]
[Round "11"]
[White "kubaches123"]
[Black "Svandik49"]
[Result "1-0"]
[WhiteElo "2123"]
[BlackElo "2258"]
[TimeControl "180+1"]
[EndTime "10:48:30 PDT"]
[Termination "Uživatel kubaches123 zvítězil po vzdání soupeře"]

1. d4 Nf6 2. c4 g6 3. Nc3 d5 4.
cxd5 Nxd5 5. e4 Nxc3 6. bxc3 Bg7 7. Nf3 c5 8. Rb1 O-O 9. Be2 Nc6 10. d5 Ne5 11.
Nxe5 Bxe5 12. Qd2 e6 13. f4 Bc7 14. O-O Ba5 15. d6 Rb8 16. e5 b6 17. Qe3 Bb7 18. c4 Qd7 19. Bb2 Bc6 20. Bf3 Ba4 21. Bd1 a6 22. Bxa4 Qxa4 23. f5 exf5 24. e6 f6 25. e7 Rf7 26. Qe6 Qe8 27. Bxf6 Rb7 28. Rbd1 Rd7 29. Bb2 h6 30. Qxg6+ 1-0

[Event "Betsys MČR v online bleskovém šachu 2021"]
[Site "Chess.com"]
[Date "2021.04.17"]
[Round "11"]
[White "g4g5g4g5"]
[Black "Nimrod64"]
[Result "1/2-1/2"]
[WhiteElo "2008"]
[BlackElo "2236"]
[TimeControl "180+1"]
[EndTime "10:48:30 PDT"]
[Termination "Remíza opakováním pozice"]

1. e4 d5 2. exd5 Qxd5 3. Nc3 Qd6 4. d4 Nf6 5. Nf3 c6 6. g3 Bf5 7. Bg2 e6 8. O-O h6 9. a3 Qc7 10. Bf4 Bd6 11. Bxd6 Qxd6 12. Qd2 O-O 13. h3 Nbd7 14. Rfe1 Rfd8 15. Rad1 Nb6 16. Qe2 Nbd5 17. Nxd5 cxd5 18. c3 Rab8 19. Ne5 b5 20. g4 Bh7 21. f3 a5 22. h4 b4 23. axb4 axb4 24. g5 hxg5 25. hxg5 Nd7 26. g6 Bxg6 27. Nxg6 fxg6 28. Qxe6+ Qxe6 29. Rxe6 bxc3 30. bxc3 Nf6 31. f4 Rbc8 32. Rc1 Rc7 33. Re5 Kf7 34. Bh3 Rd6 35. Bg2 Rc8 36. Bf3 Rc7 37. Kf2 Rc8 38. Kg1 Rc7 39. Kf2 Rc8 40.
Kg1 1/2-1/2

[Event "Betsys MČR v online bleskovém šachu 2021"]
[Site "Chess.com"]
[Date "2021.04.17"]
[Round "11"]
[White "tkokosek007"]
[Black "bumurubac"]
[Result "1-0"]
[WhiteElo "1368"]
[BlackElo "1013"]
[TimeControl "180+1"]
[EndTime "10:48:31 PDT"]
[Termination "Uživatel tkokosek007 zvítězil matem"]

1. b3 e5 2. Bb2 Nc6 3. e3 Nf6 4. Bb5 Ne4 5. d3 a6 6. Bxc6 bxc6 7. dxe4 Qh4 8. Nf3 Qxe4 9. Qd3 Bb4+ 10. Nbd2 Qxd3 11.
cxd3 O-O 12. O-O Re8 13. e4 d6 14. Nc4 Bg4 15. Nh4 Be2 16. Rfc1 Bd2 17. Rc2 Bxd3 18.
Rxd2 Bxc4 19. bxc4 d5 20. cxd5 cxd5 21. Rxd5 Rab8 22.
Bxe5 f6 23. Bc3 Rb6 24. f3 Reb8 25. Nf5 g6 26. Ne3 c6 27. Rd7 R6b7 28. Rxb7 Rxb7 29. Kf2 Rd7 30. Ke2 f5 31. Rd1 Re7 32. exf5 gxf5 33. Kf2 f4 34. Ng4 h5 35. Nf6+ Kf7 36. Nxh5 c5 37.
Nxf4 Rb7 38. Rd2 Rc7 39. h4 c4 40. h5 Kg8 41. h6 Rh7 42. Bg7 Kf7 43. Rd7+ Kg8 44.
Nd5 a5 45. Nf6# 1-0

[Event "Betsys MČR v online bleskovém šachu 2021"]
[Site "Chess.com"]
[Date "2021.04.17"]
[Round "11"]
[White "lockerbieQ"]
[Black "adiklan"]
[Result "1-0"]
[WhiteElo "1748"]
[BlackElo "1891"]
[TimeControl "180+1"]
[EndTime "10:48:32 PDT"]
[Termination "Uživatel lockerbieQ zvítězil po vzdání soupeře"]

1. e4 c5 2. Nf3 e6 3. d4 cxd4 4. Nxd4 a6 5. Nc3 Qc7 6. Be3 Bb4 7. Qd2 Nf6 8. Bd3 Nc6 9. Nxc6 bxc6 10. O-O O-O 11. a3 Bxc3 12. Qxc3 d5 13. e5 Nd7 14.
f4 c5 15. b4 c4 16. Be2 a5 17. Bd4 g6 18. h4 Bb7 19. h5 axb4 20. axb4 Rxa1 21.
Rxa1 Ra8 22. hxg6 hxg6 23. b5 Rxa1+ 24. Qxa1 Nc5 25. Qa3 Ne4 26. Bf3 Qd7 27. Bxe4 dxe4 28. Qd6 Qxb5 29. Qd8+ Kg7 30. Qf6+ Kf8 31. Qd8+ Qe8 32.
Bc5+ 1-0

[Event "Betsys MČR v online bleskovém šachu 2021"]
[Site "Chess.com"]
[Date "2021.04.17"]
[Round "11"]
[White "mravecuk"]
[Black "Paulz64"]
[Result "0-1"]
[WhiteElo "2232"]
[BlackElo "2480"]
[TimeControl "180+1"]
[EndTime "10:48:40 PDT"]
[Termination "Uživatel Paulz64 zvítězil po vzdání soupeře"]

1. d4 Nf6 2. Nc3 d5 3. Bf4 c6 4.
e3 Bf5 5. f3 e6 6. g4 Bg6 7. h4 h5 8. g5 Nfd7 9. Bd3 Bxd3 10.
Qxd3 g6 11. Nge2 Bg7 12. O-O-O Na6 13. e4 Qa5 14. Kb1 O-O 15. Nc1 b5 16. Nb3 Qb6 17. Bd6 Rfe8 18. f4 b4 19. Ne2 c5 20. dxc5 Naxc5 21.
Bxc5 Nxc5 22. Nxc5 Qxc5 23. e5 a5 24. Nd4 a4 25.
Rh3 Rac8 26. Qb5 Bf8 27. Qxa4 Ra8 28. Qb3 Reb8 29. Rhd3 Qc7 30. c3 bxc3 31. Qxc3 Qa7 32. a3 Bxa3 33. R1d2 Bb4 0-1

[Event "Betsys MČR v online bleskovém šachu 2021"]
[Site "Chess.com"]
[Date "2021.04.17"]
[Round "11"]
[White "Ehlundi"]
[Black "OndrejBorkovec"]
[Result "1-0"]
[WhiteElo "1759"]
[BlackElo "1515"]
[TimeControl "180+1"]
[EndTime "10:48:40 PDT"]
[Termination "Uživatel Ehlundi zvítězil matem"]

1. e4 e6 2. d4 d5 3. exd5 exd5 4. Nf3 Bg4 5. Be2 Nc6 6. O-O Qd7 7. Bf4 O-O-O 8. Nbd2 Bd6 9. Bg3 Bxg3 10. fxg3 h5 11. c3 Nf6 12. b4 Ne4 13. Qc2 Nxd2 14. Qxd2 Rde8 15. Bb5 Rh6 16. Ne5 Qd6 17. Nxf7 Qg6 18.
Nxh6 gxh6 19. Bxc6 Qxc6 20. Rae1 Rxe1 21. Qxe1 b6 22. h3 Bd7 23. Qe3 Qc4 24. a3 Qb3 25. Qe5 Qxa3 26. Rf8+ Kb7 27. Qxd5+ Bc6 28. Qd8 Ka6 29.
Qxc7 Qc1+ 30. Kh2 Qxc3 31. Qc8+ Kb5 32. Qf5+ Kxb4 33. Rc8 a5 34. d5 a4 35. Rxc6 Qd4 36. Qb1+ Ka5 37. Qa2 b5 38. d6 b4 39. Qc2 a3 40. Qc5+ Ka4 41. Qxd4 a2 42. Ra6+ Kb3 43. Qd3+ Kb2 44. Qd2+ Ka1 45. Qxa2# 1-0

[Event "Betsys MČR v online bleskovém šachu 2021"]
[Site "Chess.com"]
[Date "2021.04.17"]
[Round "11"]
[White "Jindrich4321"]
[Black "Lipican"]
[Result "0-1"]
[WhiteElo "1930"]
[BlackElo "2112"]
[TimeControl "180+1"]
[EndTime "10:48:41 PDT"]
[Termination "Uživatel Lipican zvítězil po vzdání soupeře"]

1. d4 Nf6 2. c4 e6 3. Nc3 Bb4 4.
Bg5 c5 5. d5 Bxc3+ 6. bxc3 d6 7. f3 e5 8. e4 Nbd7 9. Bd3 Qe7 10. Ne2 h6 11. Bh4 b6 12. O-O g5 13. Bf2 Kd8 14. a4 a5 15. Rb1 Kc7 16. Ng3 Nf8 17.
Rb3 Bd7 18. Rb2 Ng6 19. Qd2 Nf4 20. Rfb1 Rab8 21. Nf5 Bxf5 22. exf5 Qd7 23. Bc2 h5 24. Be3 h4 25. Kf2 Rhg8 26. h3 N6h5 27. Qe1 Ng3 28. Bd2 f6 29. Be3 Nxf5 30. Bxf4 gxf4 31. Bxf5 Qxf5 32. Qe4 Qxe4 33. fxe4 Rg3 34. Rc2 Re3 35. Re1 Rxe1 36. Kxe1 Rg8 37. Kf2 Rg3 0-1

[Event "Betsys MČR v online bleskovém šachu 2021"]
[Site "Chess.com"]
[Date "2021.04.17"]
[Round "11"]
[White "Countryside_58"]
[Black "Naty139"]
[Result "1-0"]
[WhiteElo "2413"]
[BlackElo "2219"]
[TimeControl "180+1"]
[EndTime "10:48:43 PDT"]
[Termination "Uživatel Countryside_58 zvítězil na čas"]

1. h4 d5 2. h5 h6 3. d4 Nf6 4. Nf3 c5 5. c3 cxd4 6. cxd4 Nc6 7. Nc3 Bg4 8. Ne5 Be6 9. Bf4 Qa5 10. e3 Ne4 11. Qb3 Nxc3 12. bxc3 Nxe5 13. Bxe5 Rc8 14.
Rc1 Qb6 15. Bb5+ Bd7 16. Bxd7+ Kxd7 17. Qxd5+ Ke8 18. O-O e6 19. Qb3 Qxb3 20. axb3 f6 21. Bf4 a5 22. c4 Bb4 23. Rfd1 Kf7 24. e4 g5 25. hxg6+ Kxg6 26. d5 e5 27. Bd2 Bc5 28.
Bxa5 b6 29. Bd2 Rhg8 30. Kf1 f5 31. exf5+ Kxf5 32. Rc3 Rcf8 33. Rf3+ Kg6 34. Rxf8 Rxf8 35. Be1 Kf5 36. Ke2 e4 37. Bd2 Kg6 38. Be3 1-0

[Event "Betsys MČR v online bleskovém šachu 2021"]
[Site "Chess.com"]
[Date "2021.04.17"]
[Round "11"]
[White "Millbo64"]
[Black "zarathutra"]
[Result "0-1"]
[WhiteElo "1975"]
[BlackElo "1818"]
[TimeControl "180+1"]
[EndTime "10:48:43 PDT"]
[Termination "Uživatel zarathutra zvítězil po vzdání soupeře"]

1. e4 e5 2. f4 exf4 3. Nf3 d6 4. Bc4 h6 5. d4 g5 6. O-O Bg7 7. Nc3 Nc6 8. Bb5 Bd7 9. Bxc6 Bxc6 10. d5 Bd7 11. Re1 Bg4 12. Qd3 Bxf3 13. Qxf3 Ne7 14. Qd3 Ng6 15. Qb5+ Qd7 16. Qxb7 O-O 17. Qc6 Qxc6 18.
dxc6 Bxc3 19. bxc3 Ne5 20. Rb1 Rfb8 21. Ba3 Nxc6 22.
Kf2 Ne5 23. Rb3 Nc4 24. Bc1 Rb6 25. Rd1 Re8 26. Rd4 Ne5 27. Ba3 Nc6 28. Ra4 a5 29.
Rxb6 cxb6 30. Bxd6 b5 31. Ra3 Rxe4 32. Bc7 a4 33.
Kf3 Rc4 34. Bd6 f5 35. Ke2 Kf7 36. Kd3 Ke6 37. Bf8 h5 38. h3 g4 39. Bg7 f3 40.
gxf3 gxh3 41. Bd4 h2 0-1

[Event "Betsys MČR v online bleskovém šachu 2021"]
[Site "Chess.com"]
[Date "2021.04.17"]
[Round "11"]
[White "iDarkTraveler"]
[Black "JustFilip05"]
[Result "0-1"]
[WhiteElo "1942"]
[BlackElo "2120"]
[TimeControl "180+1"]
[EndTime "10:48:47 PDT"]
[Termination "Uživatel JustFilip05 zvítězil po vzdání soupeře"]

1. d4 Nf6 2. Nf3 g6 3. Bf4 Bg7 4. e3 d6 5. Be2 O-O 6. O-O Nbd7 7. h3 b6 8. c3 Bb7 9. Nbd2 Re8 10. e4 Nxe4 11. Re1 Nxd2 12. Qxd2 e5 13. Bh6 exd4 14. Bxg7 Kxg7 15. Nxd4 Qf6 16. Bf3 Bxf3 17. Nxf3 Ne5 18. Nd4 c5 19. Nb5 Re7 20. Qxd6 Qxd6 21. Nxd6 Rd8 22.
Nc4 Rde8 23. Nxe5 Rxe5 24. Rxe5 Rxe5 25. Kf1 Rd5 26. Ke2 Re5+ 27. Kd3 Rd5+ 28. Ke3 Re5+ 29.
Kf3 Kf6 30. Rd1 Ke7 31. c4 Rf5+ 32. Ke3 Re5+ 33. Kf4 Re2 34. Kf3 Rxb2 35. Re1+ Kf6 36.
Ra1 Rc2 37. a4 Rxc4 38. a5 b5 39. a6 Ra4 40. Rb1 b4 41. Rc1 Ra5 42. Ke4 Ke6 43.
f4 f6 44. g4 f5+ 45. Kd3 Kd5 46. gxf5 gxf5 47. Re1 Ra3+ 48. Kc2 Rxa6 49. Re5+ Kc4 50.
Rxf5 Ra2+ 51. Kb1 Rh2 52. Rh5 Kb3 53. Kc1 c4 54. Rxh7 c3 55. Kd1 c2+ 0-1

[Event "Betsys MČR v online bleskovém šachu 2021"]
[Site "Chess.com"]
[Date "2021.04.17"]
[Round "11"]
[White "Ami2013"]
[Black "VOJTASEK2009"]
[Result "0-1"]
[WhiteElo "499"]
[BlackElo "1277"]
[TimeControl "180+1"]
[EndTime "10:48:50 PDT"]
[Termination "Uživatel VOJTASEK2009 zvítězil matem"]

1. e4 e5 2. Nf3 Nc6 3. Bb5 d6 4. Nc3 Bg4 5. O-O Nf6 6. h3 Bh5 7. d3 Be7 8. Nd5 a6 9. Ba4 b5 10. Nxf6+ Bxf6 11. Bb3 O-O 12. Bd5 Qd7 13. c4 bxc4 14.
dxc4 Rab8 15. Bxc6 Qxc6 16. g4 Bg6 17. Ng5 Bxg5 18. Bxg5 Bxe4 19. h4 Rxb2 20. h5 Qxc4 21. h6 g6 22. Rc1 Qxa2 23. Ra1 Qc4 24. f3 Qc5+ 25. Rf2 Qxf2+ 26. Kh1 Qh2# 0-1

[Event "Betsys MČR v online bleskovém šachu 2021"]
[Site "Chess.com"]
[Date "2021.04.17"]
[Round "11"]
[White "Mikulas19"]
[Black "Drak1961"]
[Result "0-1"]
[WhiteElo "1890"]
[BlackElo "2075"]
[TimeControl "180+1"]
[EndTime "10:48:52 PDT"]
[Termination "Uživatel Drak1961 zvítězil matem"]

1. e4 c5 2. Nf3 Nc6 3. d4 cxd4 4. Nxd4 Nf6 5. Nc3 e5 6. Ndb5 d6 7. Bg5 a6 8. Na3 b5 9. Nd5 Be7 10. Bxf6 Bxf6 11. c3 O-O 12. Nc2 Rb8 13. Bd3 Bg5 14. O-O g6 15. a4 bxa4 16. Rxa4 Rxb2 17. Bxa6 Be6 18. Nce3 f5 19. Qa1 Rb8 20. Bc4 fxe4 21. Qa2 Kh8 22. Ra6 Qc8 23. Ne7 Nxe7 24. Bxe6 Qxc3 25.
Rxd6 Bxe3 26. Rd7 Rb2 27. Qa4 Rbxf2 28. Rxf2 Qe1# 0-1

[Event "Betsys MČR v online bleskovém šachu 2021"]
[Site "Chess.com"]
[Date "2021.04.17"]
[Round "11"]
[White "DavidZidlicky"]
[Black "petiva3"]
[Result "0-1"]
[WhiteElo "1619"]
[BlackElo "1427"]
[TimeControl "180+1"]
[EndTime "10:48:53 PDT"]
[Termination "Uživatel petiva3 zvítězil po vzdání soupeře"]

1. e4 e5 2. Nf3 Nc6 3. Nc3 Nf6 4. d4 exd4 5. Nxd4 Nxd4 6. Qxd4 Be7 7. Bc4 O-O 8. O-O d6 9. Kh1 Be6 10. Bd3 Ng4 11.
h3 Ne5 12. f4 Nc6 13. Qf2 Bh4 14. Qe3 f5 15. e5 d5 16. Ne2 d4 17. Qd2 h6 18. c3 g5 19. b3 g4 20. Ba3 Rf7 21. g3 Be7 22. h4 Bxa3 23. b4 a5 24. Bb5 Qd5+ 0-1

[Event "Betsys MČR v online bleskovém šachu 2021"]
[Site "Chess.com"]
[Date "2021.04.17"]
[Round "11"]
[White "VitaRasik"]
[Black "Lunaticx"]
[Result "0-1"]
[WhiteElo "2630"]
[BlackElo "2984"]
[TimeControl "180+1"]
[EndTime "10:48:56 PDT"]
[Termination "Uživatel Lunaticx zvítězil po vzdání soupeře"]

1. e4 e5 2. Nf3 Nc6 3. Bb5 Nf6 4. d4 exd4 5. e5 Ne4 6. O-O Be7 7. Re1 Ng5 8. Nxg5 Bxg5 9. f4 Be7 10. f5 a6 11. f6 axb5 12. fxe7 Qxe7 13. Nd2 Nxe5 14. Nf3 d6 15. Nxd4 Bd7 16. Bf4 O-O 17. Qh5 Rfe8 18. a3 Qf6 19. Bg5 Qg6 20. Qxg6 Nxg6 21. h3 f6 22. Bd2 h5 23. Kf2 Kf7 24. Rxe8 Rxe8 25. Ba5 b6 26. Bd2 Ne5 27. b3 c5 28. Ne2 Bc6 29. Nf4 h4 30. Re1 g5 31. Nd3 Ra8 32. Nxe5+ dxe5 33. Bc1 Ke6 34. Rd1 Be4 35. Rd2 Bg6 36. Bb2 f5 37. Re2 e4 38. Rd2 f4 39. Ke1 e3 0-1

[Event "Betsys MČR v online bleskovém šachu 2021"]
[Site "Chess.com"]
[Date "2021.04.17"]
[Round "11"]
[White "AJedlicka"]
[Black "domecek"]
[Result "1-0"]
[WhiteElo "2196"]
[BlackElo "1969"]
[TimeControl "180+1"]
[EndTime "10:48:56 PDT"]
[Termination "Uživatel AJedlicka zvítězil na čas"]

1. d4 d5 2. c4 c5 3. cxd5 Nf6 4. Nf3 cxd4 5. Qxd4 Qxd5 6. Nc3 Qxd4 7. Nxd4 e5 8.
Ndb5 Na6 9. Bg5 Bb4 10. a3 Bxc3+ 11. Nxc3 Be6 12. e3 Nc5 13. Bb5+ Ke7 14. O-O a6 15.
Be2 h6 16. Bh4 Rhd8 17. b4 Nd7 18. Rad1 Nb6 19. Ne4 g5 20. Nxf6 Kxf6 21. Bg3 Bb3 22. Rc1 Rac8 23. h4 Ke6 24. Bf3 Bd5 25. e4 Bc6 26. Bg4+ Ke7 27. Bxc8 Nxc8 28. hxg5 hxg5 29. Bxe5 Rd3 30. f3 Rxa3 31. Rfd1 Rb3 32. Bd4 Ke6 33.
Bc5 g4 34. Kf2 gxf3 35. gxf3 f5 36. exf5+ Kxf5 37. Rd8 Rxf3+ 38. Ke2 1-0

[Event "Betsys MČR v online bleskovém šachu 2021"]
[Site "Chess.com"]
[Date "2021.04.17"]
[Round "11"]
[White "martin1804"]
[Black "tomasPardubice"]
[Result "0-1"]
[WhiteElo "2238"]
[BlackElo "2115"]
[TimeControl "180+1"]
[EndTime "10:48:58 PDT"]
[Termination "Uživatel tomasPardubice zvítězil po vzdání soupeře"]

1. d4 Nf6 2. Nf3 e6 3. Bf4 c5 4.
e3 Nc6 5. c3 d5 6. Nbd2 Be7 7.
Bd3 a6 8. O-O b5 9. a4 b4 10. dxc5 Bxc5 11. Nb3 Be7 12. Nfd4 Nxd4 13. cxd4 O-O 14. Rc1 Bd7 15. Bc7 Qe8 16. a5 Ba4 17. Bc2 Qd7 18. Re1 Rfc8 19. Bb6 Ne4 20. Bxe4 dxe4 21.
Rxc8+ Rxc8 22. f3 Qd5 23. fxe4 Qxb3 24. Qe2 Bb5 25. Qf3 Qxb2 26. d5 Rc1 27. Qg3 Bd6 28. Qh4 Be7 29. Qg3 Qd2 30. Qb8+ Bf8 31. Rxc1 Qxc1+ 32.
Kf2 b3 33. dxe6 fxe6 34. Qe5 b2 35. Qxe6+ Kh8 36. Qf5 Qf1+ 37. Kg3 Qxf5 38. exf5 b1=Q 0-1